 Dungeon Crawl Stone Soup version 0.29.1-1-gd02db6906a (webtiles) character file.

Game seed: 7317485402505593377

3066 croobank the Nimble (level 9, -20/41 HPs)
             Began as a Felid Summoner on Oct 4, 2022.
             Was an Initiate of Gozag.
             Shot with an arrow by a centaur warrior (29 damage)
             ... on level 8 of the Dungeon.
             The game lasted 00:36:28 (10074 turns).

croobank the Nimble (Felid Summoner)               Turns: 10074, Time: 00:36:29

Health: -20/41     AC:  2    Str:  4    XL:     9   Next: 57%
Magic:  18/18      EV: 26    Int: 27    God:    Gozag
Gold:   291        SH:  0    Dex: 16    Spells: 5/19 levels left
                                        Lives:  0   Deaths: 2

rFire   . . .      SeeInvis +   (weapon unavailable)
rCold   . . .      Faith    .   (shield unavailable)
rNeg    . . .      Spirit   .   (body armour unavailable)
rPois   .          Reflect  .   (helmet unavailable)
rElec   .          Harm     .   (cloak unavailable)
rCorr   .          Rampage  .   (gloves unavailable)
Will    +....                   (boots unavailable)
Stlth   ++........              (no amulet)
HPRegen 0.13/turn               k - +6 ring of intelligence
MPRegen 0.16/turn               r - +4 ring of evasion

@: quick
A: very small, claws 1, fangs 3, see invisible, speed 1, shaggy fur 2, stealthy
paws, no weapons or thrown items, no armour, multi-lived
a: Renounce Religion, Potion Petition, Call Merchant, Bribe Branch


You were on level 8 of the Dungeon.
You worshipped Gozag.
Gozag was aware of your devotion.
You visited 2 branches of the dungeon, and saw 9 of its levels.
You also visited: Ossuary.

You collected 922 gold pieces.
You paid 631 gold pieces to Gozag.

Inventory:

Hand Weapons
 f - a +0 sling
Jewellery
 k - a +6 ring of intelligence (left paw)
 r - a +4 ring of evasion (right paw)
Wands
 o - a wand of charming (10)
 t - a wand of roots (2)
Scrolls
 c - 2 scrolls of noise
 g - a scroll of summoning {unknown}
 h - a scroll of torment {unknown}
 l - 2 scrolls of poison
 m - 4 scrolls of teleportation
 n - 3 scrolls of vulnerability
 q - 4 scrolls of immolation
 u - 2 scrolls of brand weapon {unknown}
 w - a scroll of amnesia
Potions
 a - 2 potions of magic
 b - 2 potions of cancellation
 d - 3 potions of resistance
 e - 4 potions of brilliance
 i - a potion of berserk rage
 j - 3 potions of lignification
 p - 4 potions of attraction {unknown}
 s - 3 potions of flight {unknown}
 v - 3 potions of curing


   Skills:
 + Level 5.9 Fighting
 + Level 8.3 Dodging
 - Level 2.6 Stealth
 + Level 5.7 Spellcasting
 + Level 2.5 Conjurations
 - Level 5.0 Hexes
 + Level 7.4 Summonings
 + Level 2.5 Fire Magic
 + Level 3.6 Air Magic


You had 5 spell levels left.
You knew the following spells:

 Your Spells              Type           Power      Damage    Failure   Level
a - Summon Small Mammal   Summ           100%       N/A       1%          1
b - Call Imp              Summ           47%        N/A       1%          2
c - Call Canine Familiar  Summ           47%        N/A       1%          3
d - Summon Guardian Gole  Hex/Summ       41%        N/A       1%          3
e - Summon Lightning Spi  Summ/Air       37%        N/A       7%          4
f - Foxfire               Conj/Fire      84%        2x1d8     2%          1

Your spell library contained the following spells:

 Spells                   Type           Power      Damage    Failure   Level
 Inner Flame              Hex/Fire       28%        N/A       4%          3
 Conjure Flame            Conj/Fire      21%        6-21      7%          3
 Cause Fear               Hex            17%        N/A       9%          4
 Flame Wave               Conj/Fire      21%        2d8       24%         4
 Discord                  Hex            17%        N/A       100%        8


Dungeon Overview and Level Annotations

Branches:
Dungeon (8/15)             Temple (1/1) D:5         Ossuary (visited)
   Lair: D:8-11

Altars:
Ashenzari
Dithmenos
Gozag
Kikubaaqudgha
Ru
Sif Muna

Shops:
D:4 *


Innate Abilities, Weirdness & Mutations

You have sharp claws.
You have razor-sharp teeth.
You have supernaturally acute eyesight. (SInv)
You cover ground quickly. (Speed+)
You are covered in thick fur. (AC +2)
Your paws help you pounce on unaware monsters.
You are incapable of wielding weapons or throwing items.
You cannot wear armour.
You gain extra lives every three experience levels.


Message History

The centaur warrior shoots an arrow.
The arrow hits you!
You see here 5 gold pieces.
You swap places.
Your wolf barely misses the sky beast.
Your wolf closely misses the sky beast.
The sky beast barely misses your wolf.
You see here 5 gold pieces.
Okay, then.
You swap places.
The sky beast flickers out of sight for a moment.
The sky beast barely misses you.
Okay, then.
Okay, then.
Aiming: Fastroot
Press: ? - help, Shift-Dir - straight line, f - sky beast
Aim: a sky beast (slightly transparent, ally target)
The roots erupt in riotous growth!
Roots grab the sky beast.
The grasping roots constrict the sky beast.
The centaur warrior shoots an arrow.
The arrow hits your wolf!!
Your wolf dies!
Your wolf's corpse disappears in a puff of smoke!
The centaur warrior shoots an arrow.
The arrow misses you. The sky beast closely misses you.
You scratch the sky beast but do no damage.
The sky beast is lightly wounded.
The grasping roots constrict the sky beast.
The roots release their grip on the sky beast.
The centaur warrior shoots an arrow.
The arrow misses you. The sky beast hits you. The sky beast shocks you.
* * * LOW HITPOINT WARNING * * *
Aiming: Fastroot
Press: ? - help, Shift-Dir - straight line, f - centaur warrior, p - sky beast
Aim: a centaur warrior, wielding a +0 longbow The roots erupt in riotous growth!
Roots grab the centaur warrior.
The grasping roots constrict the centaur warrior.
The centaur warrior shoots an arrow.
The arrow closely misses you.
The centaur warrior shoots an arrow.
The arrow hits you!!
Ouch! That really hurt!
You die...
Your body crumbles into a pile of gold.

... . .... .. #.
..# #.. .#.###.
.#..
.......#.#..
...........#
.......#.#.##
.......#....####
......$###c....#
......Y@$......#
.......####....#
....... #....#
....... #....#
####### #....#
#....# ......
.......


You could see a centaur warrior (rooted) and a sky beast.

Vanquished Creatures
  A yak (D:8)
  A scorpion (D:7)
  A human zombie (Ossuary)
  A hound (D:4)
  2 orc wizards
  2 hound zombies (Ossuary)
  A white imp (D:6)
  2 orcs (D:7)
  2 giant cockroaches (D:1)
  3 quokkas
  2 bats
  A kobold zombie (Ossuary)
19 creatures vanquished.

Vanquished Creatures (collateral kills)
  A troll (D:7)
  2 yaks (D:8)
  Eustachio (D:5)
  2 water moccasins (D:7)
  An orc warrior (D:7)
  2 sky beasts (D:7)
  A black bear (D:6)
  An elf zombie (Ossuary)
  A bullfrog (D:7)
  A kobold brigand (D:7)
  2 scorpions
  2 necrophages
  9 wights
  2 howler monkeys (D:8)
  2 hounds
  2 orc priests
  2 jellies
  2 iguanas
  2 orc wizards
  3 mummies
  9 gnolls
  5 adders
  A white imp (D:7)
  3 ufetubi
  An adder zombie (Ossuary)
  3 dart slugs
  10 orcs
  11 endoplasms
  6 goblins
  10 hobgoblins
  4 jackals
  5 quokkas
  6 ball pythons
  2 bats
  3 frilled lizards
  A goblin zombie (Ossuary)
  A hobgoblin zombie (Ossuary)
  A jackal zombie (Ossuary)
  8 kobolds
  3 rats
  A rat zombie (Ossuary)
135 creatures vanquished.

Vanquished Creatures (others)
  A yak (D:8)
  An elf zombie (Ossuary)
  A scorpion (D:4)
  2 mummies (Ossuary)
  A hound zombie (Ossuary)
  An adder (D:5)
  A gnoll (D:4)
  2 orcs (D:5)
  56 foxfires
  3 plants (D:6)
69 creatures vanquished.

Grand Total: 223 creatures vanquished

Notes
Turn   | Place    | Note
-------+----------+-------------------------------------------
     0 | D:1      | croobank the Felid Summoner began the quest for the Orb.
     0 | D:1      | Reached XP level 1. HP: 7/7 MP: 4/4
   140 | D:1      | Reached skill level 3 in Dodging
   140 | D:1      | Reached XP level 2. HP: 3/12 MP: 1/6
   143 | D:1      | Learned a level 2 spell: Call Imp
  1086 | D:1      | Reached skill level 1 in Fighting
  1648 | D:1      | Reached XP level 3. HP: 15/15 MP: 5/7
  1652 | D:1      | Learned a level 3 spell: Call Canine Familiar
  2006 | D:2      | Found a faded altar of an unknown god.
  2007 | D:2      | Found a shimmering blue altar of Sif Muna.
  3146 | D:3      | Reached XP level 4. HP: 19/19 MP: 5/8
  4010 | D:4      | Reached skill level 4 in Dodging
  4208 | D:4      | Reached XP level 5. HP: 22/22 MP: 5/10
  4212 | D:4      | Learned a level 3 spell: Summon Guardian Golem
  4281 | D:4      | HP: 1/22 [quokka (1)]
  4281 | D:4      | Slain by a gnoll
  4282 | D:4      | Reached XP level 4. HP: -3/19 MP: 8/9
  4501 | D:4      | Noticed a scorpion
  4527 | D:4      | Killed a scorpion
  4528 | D:4      | Reached skill level 1 in Hexes
  4528 | D:4      | Reached skill level 5 in Summonings
  4528 | D:4      | Reached XP level 5. HP: 23/23 MP: 5/10
  4749 | D:4      | Found Dapi's Assorted Antiques.
  5312 | D:4      | You fall into a shaft and drop 2 floors!
  5344 | D:6      | Gained mutation: You are covered in thick fur. (AC +2)
                  | [Felid growth]
  5344 | D:6      | Reached XP level 6. HP: 27/27 MP: 7/12
  5434 | D:5      | Entered Level 5 of the Dungeon
  5478 | D:5      | Identified the +7 spear "Veuppoijij" {vorpal, rPois Str+2}
  5492 | D:5      | Reached skill level 5 in Dodging
  6341 | D:5      | Found a staircase to the Ecumenical Temple.
  6380 | Temple   | Entered the Ecumenical Temple
  6384 | Temple   | Became a worshipper of Gozag Ym Sagoz the Greedy
  6512 | D:5      | Noticed Eustachio
  6550 | D:5      | Killed Eustachio
  6551 | D:5      | Reached XP level 7. HP: 31/31 MP: 4/13
  6801 | D:5      | Found a sacrificial altar of Ru.
  7112 | D:5      | Slain by an orc warrior
  7113 | D:5      | Reached XP level 6. HP: -4/28 MP: 8/13
  7206 | D:6      | Reached skill level 6 in Dodging
  7206 | D:6      | Reached XP level 7. HP: 29/32 MP: 3/14
  7752 | D:6      | Found a broken altar of Ashenzari.
  8091 | D:7      | Learned a level 4 spell: Summon Lightning Spire
  8105 | D:7      | Found a sand-covered staircase.
  8126 | D:7      | Learned a level 1 spell: Foxfire
  8127 | Ossuary  | Entered an ossuary
  8168 | Ossuary  | Reached skill level 5 in Hexes
  8205 | Ossuary  | Reached skill level 1 in Air Magic
  8765 | D:7      | Reached XP level 8. HP: 36/36 MP: 6/16
  8871 | D:7      | Reached skill level 7 in Dodging
  9007 | D:7      | Reached skill level 5 in Fighting
  9007 | D:7      | Reached skill level 5 in Spellcasting
  9157 | D:7      | Identified the +8 spear of Unreason {antimagic, *Slow rElec
                  | rN+ Stlth+}
  9460 | D:7      | Noticed a troll
  9466 | D:7      | Killed a troll
  9467 | D:7      | Reached skill level 1 in Conjurations
  9467 | D:7      | Reached skill level 1 in Fire Magic
  9477 | D:7      | Reached XP level 9. HP: 40/40 MP: 7/17
  9889 | D:8      | Reached skill level 8 in Dodging
 10065 | D:8      | Noticed a centaur warrior
 10074 | D:8      | Shot with an arrow by a centaur warrior

Illustrated notes

Levels and vault maps discovered:
D:1:      evilmike_arrival_rings, layout_basic, minmay_misc_feat_roman,
          grunt_decor_clamped
D:2:      layout_loops_corners, dreamdust_ecumenical_altar_grove, basic_altar
D:3:      layout_basic
D:4:      layout_basic, serial_shops, nicolae_lakefront_shop
D:5:      layout_loops_cross, nicolae_ru_path_of_blood,
          minmay_temple_entry_statues_fountains, uniq_eustachio
D:6:      corexii_shack_village, layout_basic, amcnicky_altar_gilded
D:7:      wander_river, layout_gridville, gup_ossuary_entry_pyramid,
          dreamdust_wishing_well
D:8:      layout_basic, mainiacjoe_overflow_paths
Temple:   kb_temple_of_zot

Skill      XL: |  1  2  3  4  5  6  7  8  9 |
---------------+----------------------------+-----
Dodging        | 3 4 6 7 8 |  8.3
Fighting       | 1 2 4 5 |  5.9
Spellcasting   | 3 4 5 |  5.7
Hexes          | 1 2 3 5 |  5.0
Summonings     | 5 6 7 |  7.4
Air Magic      | 1 2 3 |  3.6
Conjurations   | 1 2 |  2.5
Fire Magic     | 1 2 |  2.5
Stealth        | |  2.6

Action                   |  1- 3 |  4- 6 |  7- 9 || total
-------------------------+-------+-------+-------++-------
Melee: Unarmed           |    19 |    47 |    41 ||   107
       Bite              |     1 |     4 |     5 ||    10
       Punch             |       |     2 |       ||     2
 Cast: Summon Small Mamm |    50 |    51 |    30 ||   131
       Call Imp          |    13 |    15 |     4 ||    32
       Call Canine Famil |     4 |    24 |    23 ||    51
       Summon Guardian G |       |    13 |    15 ||    28
       Foxfire           |       |       |    31 ||    31
       Summon Lightning  |       |       |    10 ||    10
Invok: Potion Petition   |       |       |     1 ||     1
Evoke: Wand              |       |     5 |     4 ||     9
  Use: Scroll            |       |     8 |     6 ||    14
       Potion            |       |     2 |     2 ||     4
 Stab: Distracted        |       |       |     2 ||     2
Armor: Skin              |     4 |     1 |     1 ||     6
Dodge: Dodged            |    32 |    50 |    68 ||   150
